 Dungeon Crawl Stone Soup version 0.20.1-1-g8b1a95d (webtiles) character file.

15417 homeworkjunkie the Severer (level 12, -11/105 (106) HPs)
             Began as a Hill Orc Fighter on Nov 16, 2017.
             Was a High Priest of Okawaru.
             Mangled by a warg (14 damage)
             ... while paralysed by an orc sorcerer
             ... on level 2 of the Orcish Mines.
             The game lasted 00:22:26 (12947 turns).

homeworkjunkie the Severer (Hill Orc Fighter)      Turns: 12947, Time: 00:22:27

HP:   -11/105 (106) AC: 28    Str: 23    XL:     12   Next: 26%
MP:   17/17         EV:  2    Int:  8    God:    Okawaru [*****.]
Gold: 823           SH:  0    Dex: 11    Spells: 11/11 levels left

rFire    . . .     SeeInvis +   a - +1 war axe
rCold    . . .     Gourm    .   y - +3 buckler {AC+3}
rNeg     . . .     Faith    .   e - +8 chain mail
rPois    .         Spirit   .   q - +2 helmet
rElec    .         Reflect  .   (no cloak)
rCorr    +         Harm     +   r - +0 pair of gloves
MR       .....                  D - +0 pair of boots {run}
Stlth    ..........             C - amulet of harm
Regen    0.3/turn               w - ring of see invisible
MPRegen  0.2/turn               A - ring of resist corrosion

@: paralysed, quick
A: no striking features
a: Heroism, Finesse, Renounce Religion, Convert to Beogh


You were on level 2 of the Orcish Mines.
You worshipped Okawaru.
Okawaru was extremely pleased with you.
You were full.

You visited 4 branches of the dungeon, and saw 15 of its levels.
You also visited: Ice Cave.

You collected 1081 gold pieces.
You spent 258 gold pieces at shops.

Inventory:

Hand Weapons
 a - a +1 war axe (weapon)
Missiles
 o - 18 tomahawks (quivered)
Armour
 e - a +8 chain mail (worn)
 q - a +2 helmet (worn)
 r - a +0 pair of gloves (worn)
 y - a +3 buckler of protection (worn)
 D - a +0 pair of boots of running (worn)
Jewellery
 j - an uncursed amulet of rage
 w - a ring of see invisible (left hand)
 z - an uncursed ring of fire
 A - a ring of resist corrosion (right hand)
 C - an amulet of harm (around neck)
Wands
 c - a wand of iceblast (0/15)
 l - a wand of disintegration (0/24)
 F - a wand of iceblast (5/15)
Scrolls
 f - 2 scrolls of blinking
 n - a scroll of immolation
 s - 3 scrolls of fear
 v - 2 scrolls of teleportation
 x - 2 scrolls of remove curse
Potions
 d - a potion of curing
 g - a potion of flight
 i - a potion of mutation
 k - a potion of heal wounds {unknown}
 m - 4 potions of lignification
 p - a potion of magic {unknown}
 t - 2 potions of agility
 u - a potion of cancellation
Comestibles
 b - 4 meat rations


   Skills:
 * Level 9.8 Fighting
 * Level 15.3 Axes
 + Level 0.5 Throwing
 * Level 9.2 Armour
 + Level 1.7 Dodging
 + Level 0.5 Stealth
 * Level 9.3 Shields
 * Level 6.9 Evocations


You had 11 spell levels left.
You didn't know any spells.

Dungeon Overview and Level Annotations

Branches:
Dungeon (11/15)            Temple (1/1) D:6            Lair (1/6) D:9
    Orc (2/2) D:10            Elf (0/3) Orc:2

Altars:
Ashenzari
Cheibriados
Dithmenos
Elyvilon
Fedhas
Gozag
Hepliaklqana
Kikubaaqudgha
Makhleb
Nemelex Xobeh
Okawaru
Qazlal
Ru
Sif Muna
Trog
Uskayaw
Vehumet
Xom
Yredelemnul
Zin
The Shining One

Shops:
D:7 **}

Annotations:
D:9 DasRunzen's ghost, novice DsGl
Lair:1 exclusion: oklob plant


Message History

The orc hits you but does no damage.
The orc priest hits you but does no damage.
The warg bites you!
The orc sorcerer points at you and mumbles some strange words.
The bolt of fire hits you!
The bolt of fire hits the orc.
The orc dies!
The ice devil hits you but does no damage.
The warg bites you but does no damage.
The orc sorcerer gestures at you while chanting.
The bolt of fire hits you!
* * * LOW HITPOINT WARNING * * *
The bolt of fire hits the orc priest.
The orc priest dies!
An orc priest comes into view. It is wielding a dagger.
The ice devil hits you!
* * * LOW HITPOINT WARNING * * *
The ice devil freezes you!
* * * LOW HITPOINT WARNING * * *
The warg bites you!
You die...

,,,,,,,.#............,,*,,,,,,,,,
,,,,,,,.............,,,,*,,,,,_,,
,,,,,,,..o.........,*...,,,,,,,,,
,,,,,,,...........,,,...,,,,,,,,,
,,,,,,,.,........#*,....,,,,,,,,,
,,,,,,,#..#......##.....,,,,,,,,,
,,,,,,,......)#...#.....,,,,,,,,,
,,,,,,,........h))o.....,,,,,,,,,
,,,,,*,#.$#...#)@......#,,,,,,,,,
,,,,,**,,,##...4o................
,,,,,,**,**##.##.#...............
,**,,,,****..#*#...#.............
****,,*,*#...,,..................
***,*,,,..#..,,........#.#.......
**,,,,,,.,.##,.........$.........
***,*,,,*..,,,.#...............[.
,*****,,,*,*,....3#........)...)o


You could see an ice devil, a warg, 2 orc sorcerers and an orc priest.

Vanquished Creatures
  An ogre mage (Orc:1)
  5 two-headed ogres
  A death yak (D:7)
  Pikel (D:7)
  An ugly thing (D:11)
  A manticore (D:7)
  A hornet (D:8)
  5 polar bears (D:7)
  A dream sheep (D:7)
  3 hippogriffs
  2 yaks (D:7)
  A wraith (D:10)
  A wyvern (D:10)
  A hungry ghost (D:10)
  5 humans (D:10)
  2 wargs (Orc:1)
  2 hell hounds (D:9)
  A soldier ant (D:8)
  A porcupine (Lair:1)
  3 black bears (D:7)
  9 orc warriors
  A slave (D:8)
  An ice beast (D:8)
  2 sky beasts
  7 ogres
  A phantom (D:10)
  A necrophage (D:10)
  A centaur (D:7)
  A big kobold (D:8)
  8 bullfrogs
  5 scorpions
  2 troll zombies (D:10)
  9 killer bees
  4 wights (D:5)
  A bullfrog zombie (D:10)
  6 crimson imps
  A quasit (D:6)
  14 orc priests
  9 orc wizards
  A jelly (D:6)
  A bullfrog skeleton (D:8)
  7 hounds
  A centaur skeleton (D:4)
  3 iguanas
  Natasha (twice) (D:3)
  4 worker ants
  A killer bee zombie (D:10)
  A wolf simulacrum (IceCv)
  4 ogre zombies (D:10)
  A hound zombie (D:5)
  3 hound skeletons
  A mummy (D:4)
  A worker ant zombie (D:5)
  Robin (D:4)
  4 gnolls (D:7)
  5 adders
  13 white imps
  4 worms
  2 dart slugs
  7 leopard geckos
  43 orcs
  3 ball pythons
  9 giant cockroaches
  18 goblins
  7 hobgoblins
  17 jackals
  8 quokkas
  9 bats
  6 frilled lizards
  2 goblin zombies (D:10)
  A hobgoblin skeleton (D:10)
  2 hobgoblin zombies (D:10)
  A jackal skeleton (D:4)
  10 kobolds
  An orc skeleton (D:10)
  13 orc zombies (D:10)
  2 quokka skeletons
  14 rats
355 creatures vanquished.

Vanquished Creatures (collateral kills)
  A hound zombie (D:8)
1 creature vanquished.

Vanquished Creatures (others)
  2 slaves (D:7)
  2 orc priests
  An orc wizard (D:7)
  2 orcs
  A hobgoblin (D:2)
  A fungus (Lair:1)
  A plant (Lair:1)
10 creatures vanquished.

Grand Total: 366 creatures vanquished

Notes
Turn   | Place    | Note
-------+----------+-------------------------------------------
     0 | D:1      | homeworkjunkie the Hill Orc Fighter began the quest for the Orb.
     0 | D:1      | Reached XP level 1. HP: 19/19 MP: 1/1
   107 | D:1      | Reached skill level 3 in Axes
   107 | D:1      | Reached XP level 2. HP: 11/27 MP: 2/2
   479 | D:2      | Found a white marble altar of Elyvilon.
   516 | D:2      | Reached XP level 3. HP: 33/33 MP: 3/3
   881 | D:3      | Reached skill level 4 in Axes
   881 | D:3      | Reached XP level 4. HP: 34/40 MP: 4/4
   923 | D:3      | Found a snail-covered altar of Cheibriados.
  1163 | D:3      | Noticed Natasha
  1173 | D:3      | Killed Natasha
  1285 | D:3      | Reached XP level 5. HP: 46/46 MP: 5/5
  1302 | D:4      | Reached skill level 5 in Axes
  1456 | D:3      | Noticed Natasha
  1465 | D:3      | Killed Natasha
  1465 | D:3      | Reached skill level 1 in Evocations
  1658 | D:2      | Found a hide-covered altar of Uskayaw.
  2455 | D:4      | Reached XP level 6. HP: 50/52 MP: 6/6
  2460 | D:5      | Entered Level 5 of the Dungeon
  2676 | D:4      | Noticed Robin
  2698 | D:4      | Killed Robin
  2698 | D:4      | Reached skill level 5 in Shields
  3035 | D:4      | Reached skill level 6 in Axes
  3042 | D:4      | Found a snail-covered altar of Cheibriados.
  3094 | D:5      | Found a shimmering altar of Xom.
  3142 | D:5      | Found a bloodstained altar of Trog.
  3201 | D:5      | Reached XP level 7. HP: 4/60 MP: 8/8
  3709 | D:5      | Reached skill level 7 in Axes
  4171 | D:6      | Found a staircase to the Ecumenical Temple.
  4191 | Temple   | Entered the Ecumenical Temple
  4506 | D:6      | Reached skill level 5 in Armour
  4506 | D:6      | Reached XP level 8. HP: 55/67 MP: 9/9
  4611 | D:6      | Reached skill level 8 in Axes
  5093 | D:7      | Found Xikhlayff's General Store.
  5104 | D:7      | Reached skill level 5 in Fighting
  5116 | D:7      | Bought a +2 buckler of protection for 258 gold pieces
  5179 | D:7      | Found a huge runed gate.
  5180 | D:7      | Found a huge runed gate.
  5181 | D:7      | Found a huge runed gate.
  5181 | D:7      | Noticed a hippogriff
  5181 | D:7      | Noticed a yak
  5183 | D:7      | Noticed a polar bear
  5612 | D:7      | Noticed Pikel
  5634 | D:8      | Reached skill level 9 in Axes
  5733 | D:9      | Noticed DasRunzen's ghost (novice DsGl)
  5764 | D:8      | Reached XP level 9. HP: 72/75 MP: 11/11
  5820 | D:7      | Found Vearghips's Gadget Shoppe.
  5880 | D:7      | Found a huge runed gate.
  5880 | D:7      | Noticed a polar bear
  5880 | D:7      | Noticed a manticore
  5880 | D:7      | Noticed a polar bear
  5880 | D:7      | Noticed a death yak
  5881 | D:7      | Noticed a polar bear
  5881 | D:7      | Noticed a polar bear
  5937 | D:7      | Killed Pikel
  5937 | D:7      | Reached skill level 10 in Axes
  6156 | D:7      | Found Xuupol's General Store.
  6206 | D:7      | Noticed a two-headed ogre
  6227 | D:7      | Killed a two-headed ogre
  6227 | D:7      | Reached skill level 11 in Axes
  6669 | D:7      | Found a shattered altar of Ashenzari.
  6669 | D:7      | Found an iron altar of Okawaru.
  6681 | D:7      | Became a worshipper of Warmaster Okawaru
  6853 | D:7      | Killed a death yak
  6853 | D:7      | Reached XP level 10. HP: 28/86 MP: 13/13
  6856 | D:7      | Reached * piety under Okawaru
  6864 | D:7      | Reached skill level 12 in Axes
  7234 | D:7      | Reached ** piety under Okawaru
  7249 | D:7      | Reached skill level 5 in Evocations
  7254 | D:7      | Reached skill level 1 in Dodging
  7318 | D:7      | Reached *** piety under Okawaru
  7335 | D:7      | Killed a manticore
  7611 | D:8      | Reached skill level 13 in Axes
  7633 | D:8      | Reached XP level 11. HP: 52/94 MP: 15/15
  8479 | D:10     | Entered Level 10 of the Dungeon
  8656 | D:9      | Found a staircase to the Lair.
  8747 | Lair:1   | Entered Level 1 of the Lair of Beasts
  8763 | Lair:1   | Found a frozen archway.
  8780 | Lair:1   | Reached **** piety under Okawaru
  8830 | IceCv    | Entered an ice cave
  8830 | IceCv    | Noticed Thaneod's ghost (journeyman MiGl)
  8890 | Lair:1   | Noticed an oklob plant
  9946 | D:9      | Noticed a two-headed ogre
  9952 | D:9      | Killed a two-headed ogre
 10215 | D:11     | Noticed a cyan ugly thing
 10228 | D:11     | Killed a cyan ugly thing
 10528 | D:10     | Found a staircase to the Orcish Mines.
 10603 | D:10     | Reached ***** piety under Okawaru
 10784 | D:10     | Reached skill level 14 in Axes
 11232 | D:10     | Received a gift from Okawaru
 11257 | D:10     | Identified a +0 pair of boots of running (Okawaru gifted it to you on level 10 of the Dungeon)
 11718 | Orc:1    | Entered Level 1 of the Orcish Mines
 11758 | Orc:1    | Noticed a two-headed ogre
 11776 | Orc:1    | Killed a two-headed ogre
 12118 | Orc:2    | Entered Level 2 of the Orcish Mines
 12118 | Orc:2    | Noticed an orc sorcerer
 12370 | Orc:1    | Noticed a two-headed ogre
 12371 | Orc:1    | Noticed an ogre mage
 12371 | Orc:1    | Noticed a two-headed ogre
 12382 | Orc:1    | Reached XP level 12. HP: 75/104 MP: 16/16
 12385 | Orc:1    | Killed an ogre mage
 12390 | Orc:1    | Killed a two-headed ogre
 12390 | Orc:1    | Reached skill level 15 in Axes
 12390 | Orc:1    | Killed a two-headed ogre
 12790 | Orc:2    | Noticed a soul eater
 12794 | Orc:2    | Paralysed by an orc sorcerer for 3 turns
 12943 | Orc:2    | Paralysed by an orc sorcerer for 6 turns
 12947 | Orc:2    | HP: 3/105 [ice devil[an orc sorcerer] (15)]
 12947 | Orc:2    | Mangled by a warg

Skill      XL: |  1  2  3  4  5  6  7  8  9 10 11 12 |
---------------+-------------------------------------+-----
Axes           | 3 4 5 6 7 9 11 13 14 15 | 15.3
Fighting       | 4 5 7 8 9 |  9.8
Shields        | 4 5 6 7 8 9 |  9.3
Evocations     | 1 2 3 4 5 6 |  6.9
Armour         | 4 5 6 7 9 |  9.2
Dodging        | 1 |  1.7
Throwing       | |  0.5
Stealth        | |  0.5

Action                   |  1- 3 |  4- 6 |  7- 9 | 10-12 || total
-------------------------+-------+-------+-------+-------++-------
Melee: War axe           |   140 |   252 |   370 |   634 ||  1396
Throw: Tomahawk          |       |       |       |    12 ||    12
Evoke: Wand              |       |     4 |    11 |    13 ||    28
  Use: Scroll            |     2 |    11 |     8 |     8 ||    29
       Potion            |       |     2 |     2 |     3 ||     7
  Eat: Bread ration      |       |     1 |     2 |       ||     3
       Fruit             |       |     4 |       |     6 ||    10
       Royal jelly       |       |       |     2 |    10 ||    12
       Meat ration       |       |       |       |     1 ||     1
Armor: Scale mail        |    25 |       |       |       ||    25
       Chain mail        |    82 |   173 |   212 |   375 ||   842
Dodge: Dodged            |    45 |    43 |    96 |   209 ||   393
Block: Shield            |    70 |   144 |   113 |       ||   327
       Buckler           |       |       |    70 |   238 ||   308
